 Dungeon Crawl Stone Soup version 0.25.0-3-gd7cc5688da (webtiles) character file.

Game seed: 17599807132691676857

39 Masnef the Insei (level 3, 0/21 HPs)
             Began as a Kobold Transmuter on June 15, 2020.
             Succumbed to an adder's poison
             ... on level 2 of the Dungeon.
             The game lasted 00:14:17 (2828 turns).

Masnef the Insei (Kobold Transmuter)                Turns: 2828, Time: 00:14:18

Health: 0/21       AC:  2    Str:  8    XL:     3   Next: 67%
Magic:  15/15      EV: 15    Int: 14    God:
Gold:   114        SH:  0    Dex: 15    Spells: 3/6 levels left

rFire    . . .     SeeInvis .     - Unarmed
rCold    . . .     Gourm    .   (shield restricted)
rNeg     . . .     Faith    .   b - +0 robe
rPois    .         Spirit   .   (no helmet)
rElec    .         Reflect  .   (no cloak)
rCorr    .         Harm     .   (no gloves)
MR       .....                  (no boots)
Stlth    ++........             (no amulet)
HPRegen  0.07/turn              h - ring of magical power
MPRegen  0.14/turn              (no ring)

@: mighty, brilliant, lethally poisoned (0 -> -5), stab, flying
A: small, carnivore
a: no special abilities


You were on level 2 of the Dungeon.
You were full.

You visited 1 branch of the dungeon, and saw 2 of its levels.

You collected 114 gold pieces.

Inventory:

Missiles
 a - 36 arrows
Armour
 b - a +0 robe (worn)
 c - a +0 cloak
 j - a +0 helmet
 q - a +0 leather armour
Jewellery
 h - a ring of magical power (left hand)
Scrolls
 e - 2 scrolls of magic mapping {unknown}
 g - a scroll of teleportation {unknown}
 l - a scroll of immolation {unknown}
Potions
 k - 2 potions of resistance
Comestibles
 d - 9 rations


   Skills:
 * Level 1.7 Fighting
 + Level 2.8 Dodging
 * Level 1.3 Stealth
 + Level 3.5 Unarmed Combat
 - Level 2.2 Spellcasting
 * Level 2.4 Transmutations


You had 3 spell levels left.
You knew the following spells:

 Your Spells              Type           Power        Failure   Level  Hunger
a - Beastly Appendage     Tmut           ##....       9%          1    None
b - Sticks to Snakes      Tmut           ##......     13%         2    None

Your spell library contained the following spells:

 Spells                   Type           Power        Failure   Level  Hunger
 Spider Form              Tmut/Pois      #.........   38%         3    None
 Ice Form                 Ice/Tmut       #.......     80%         4    None
 Blade Hands              Tmut           ##........   94%         5    None


Dungeon Overview and Level Annotations

Branches:
Dungeon (2/15)

Altars:
Uskayaw
Vehumet

Annotations:
D:2 1 runed translucent door, Crazy Yiuf


Innate Abilities, Weirdness & Mutations

You are small and have problems with some larger weapons.
You are carnivorous and can eat meat at any time.


Message History

The adder closely misses you.
It was a potion of flight.
You feel very buoyant.
You fly up into the air.
You feel sick. The adder bites you.
* * * LOW HITPOINT WARNING * * *
The adder bites you.
* * * LOW HITPOINT WARNING * * *
You are lethally poisoned!
The adder poisons you! The adder closely misses you.
* * * LOW HITPOINT WARNING * * *
You feel sick.
Okay, then.
As you read the scroll of fear, it crumbles to dust.
You assume a fearsome visage.
The adder looks frightened!
Your talons disappear.
* * * LOW HITPOINT WARNING * * *
You feel sick.
* * * LOW HITPOINT WARNING * * *
You feel sick.
You die...

#..........##.# #.#..#.#
#############.# #.#..#.#
#####+####.#..#.#
#.............#.#
##########............(#.#
#≈≈.≈≈.≈....≈≈.........#.#
#..≈.≈...≈..≈≈........##.#
#.≈≈≈≈≈≈≈≈≈≈≈≈<..........#
#.≈≈≈≈≈≈≈≈≈≈@.........####
#≈.≈≈≈≈≈≈≈≈≈..........#
#..≈≈≈≈..≈≈≈≈.........#
#..≈≈≈._♣≈≈≈≈.........
#≈≈≈≈≈≈..≈≈≈≈.........
#..≈≈≈≈≈≈≈≈≈...#####..
#..≈≈≈≈≈≈≈≈≈..## ..
#..≈≈≈≈≈≈≈≈≈≈≈#
#...≈≈...≈..≈≈#


There were no monsters in sight!

Vanquished Creatures
  An ooze (D:1)
  4 giant cockroaches
  3 goblins
  6 hobgoblins
  5 jackals
  2 kobolds
  3 bats
  2 frilled lizards
  3 rats
29 creatures vanquished.

Notes
Turn   | Place    | Note
-------+----------+-------------------------------------------
     0 | D:1      | Masnef the Kobold Transmuter began the quest for the Orb.
     0 | D:1      | Reached XP level 1. HP: 12/12 MP: 3/3
   359 | D:1      | Reached XP level 2. HP: 11/16 MP: 3/5
  1122 | D:1      | Reached skill level 1 in Stealth
  1172 | D:1      | Reached XP level 3. HP: 18/20 MP: 6/6
  1454 | D:2      | Found a faded altar of an unknown god.
  2046 | D:2      | Found a hide-covered altar of Uskayaw.
  2046 | D:2      | Found a radiant altar of Vehumet.
  2712 | D:2      | Found a runed translucent door.
  2713 | D:2      | Noticed Crazy Yiuf
  2737 | D:2      | Learned a level 2 spell: Sticks to Snakes
  2826 | D:2      | HP: 1/21 [poisoned by an adder]
  2828 | D:2      | Succumbed to an adder's poison

Illustrated notes

Levels and vault maps discovered:
D:1:      lightli_iron_boxes, layout_loops_ring
D:2:      layout_basic, gammafunk_temple_overflow_statue,
          chequers_ecumenical_altar_island, uniq_crazy_yiuf_cottage

Skill      XL: |  1  2 |
---------------+-------+-----
Stealth        | 1 |  1.3
Fighting       | |  1.7
Dodging        | |  2.8
Unarmed Combat | |  3.5
Spellcasting   | |  2.2
Transmutations | |  2.4

Action                   || total
-------------------------++-------
Melee: Unarmed           ||   100
       Kick              ||     9
       Headbutt          ||     4
       Punch             ||     1
 Cast: Beastly Appendage ||    20
  Use: Potion            ||     5
       Scroll            ||     4
 Stab: Sleeping          ||     2
  Eat: Chunk             ||    11
Armor: Robe              ||     8
Dodge: Dodged            ||    76
